Map: Nightscape LE

Players

MattBarry - Winner!

  • Race: Zerg Zerg
  • Spawn Location: 7:00

MattBarry - Winner!

  • Race: Zerg Zerg
  • Spawn Location: 7:00

Gerrit

  • Race: Protoss Protoss
  • Spawn Location: 1:00

wimm

  • Race: Terran Terran
  • Spawn Location: 1:00

VOD

Have the link to the VOD?

Description

Time

  • Played on: Jan. 2, 2023, 11:53 p.m.
  • Length: 3:38
Show
View Real Time Build Order
Export as new Build Order

MattBarry Zerg - Winner!

Build Orders: Pool First 

Get SALT Encoding   

  12  0:04  Drone  
  13  0:23  Spawning Pool  
  13  0:28  Drone  
  13  0:55  Hatchery  
  12  1:03  Overlord  
  12  1:12  Zergling x4  
  14  1:34  Drone  
  14  1:36  Zergling x2  
  16  2:08  Spine Crawler  
  16  2:10  Zergling x2, Queen  
  16  2:12  Overlord  
  16  2:13  Zergling x4  
  20  2:26  Zergling x4  
  21  2:41  Drone x2  
  23  2:45  Zergling x4  
  25  3:01  Zergling x6  
  26  3:22  Spine Crawler  
Show
View Real Time Build Order
Export as new Build Order

MattBarry Zerg - Winner!

Build Orders: Pool First 

Get SALT Encoding   

  12  0:08  Drone  
  13  0:15  Overlord  
  13  0:22  Drone  
  14  0:43  Drone  
  14  1:07  Spawning Pool  
  13  1:15  Drone  
  13  1:16  Drone x2  
  16  1:56  Hatchery  
  15  2:01  Queen  
  15  2:03  Zergling x6  
  20  3:03  Spine Crawler  
  20  3:04  Spine Crawler  
  18  3:06  Spine Crawler  
  19  3:15  Zergling x8  
  23  3:27  Spine Crawler  
  23  3:30  Spine Crawler  
  22  3:34  Spine Crawler  
Show
View Real Time Build Order
Export as new Build Order

Gerrit Protoss 

Build Orders: Cannon Rush 

Get SALT Encoding   

  12  0:00  Probe  
  13  0:13  Pylon  
  13  0:23  Probe  
  14  0:35  Probe  
  15  0:42  Forge  
  15  0:47  Probe  
  16  0:59  Probe  
  16  1:01  Gateway  
  17  1:05  Pylon  
  17  1:20  Pylon  
  17  1:43  Photon Cannon  
  17  1:47  Photon Cannon  
  17  1:59  Photon Cannon  
  17  2:01  Zealot  
  17  2:03  Probe  
  20  2:11  Cybernetics Core  
  20  2:15  Probe  
  20  2:20  Assimilator  
  21  2:27  Photon Cannon, Probe  
  20  2:37  Pylon  
  20  2:40  Probe  
  21  2:53  Pylon  
  21  2:57  Pylon  
Show
View Real Time Build Order
Export as new Build Order

wimm Terran 

Build Orders:  

Get SALT Encoding   

  12  0:00  SCV  
  13  0:12  SCV  
  14  0:20  Supply Depot  
  14  0:24  SCV  
  15  0:54  Barracks x2  
  15  1:11  Supply Depot  
  15  1:20  Refinery  
  15  1:22  SCV  
  16  1:34  SCV  
  17  1:42  Refinery  
  17  1:46  SCV  
  18  1:47  Barracks  
  18  1:54  Marine  
  18  1:58  SCV  
  20  2:10  SCV  
  21  2:21  Barracks Tech Lab  
  21  2:27  Marine  
  22  2:40  Bunker  
  22  2:43  Marine  
  23  2:44  Marine  
  24  3:01  Marine  
  24  3:02  Marine  
  26  3:05  SCV  
  26  3:09  Factory  
  27  3:18  SCV  
Tags
 
Add a new tag
Caveats
  • Supply blocks, unpowered buildings, or Contaminate may cause inaccurate times.
  • Supply counts are checked every 10 seconds.